 Dungeon Crawl Stone Soup version 0.21.1-1-g345015f (webtiles) character file.

59 inc the Chiller (level 4, 0/27 HPs)
             Began as an Octopode Ice Elementalist on June 13, 2018.
             Was an Initiate of Makhleb.
             Slain by Terence
             ... wielding a +0 flail
              (7 damage)
             ... on level 2 of the Dungeon.
             The game lasted 00:02:25 (2692 turns).

inc the Chiller (Octopode Ice Elementalist)         Turns: 2692, Time: 00:02:26

Health: 0/27       AC:  6    Str:  7    XL:     4   Next: 3%
Magic:  0/7        EV: 13    Int: 18    God:    Makhleb [......]
Gold:   88         SH:  0    Dex: 12    Spells: 3/7 levels left

rFire    . . .     SeeInvis .     - Unarmed
rCold    . . .     Gourm    .   (no shield)
rNeg     . . .     Faith    .   (helmet restricted)
rPois    .         Spirit   .   (no amulet)
rElec    .         Reflect  .   (no ring)
rCorr    .         Harm     .   (no ring)
MR       .....                  (no ring)
Stlth    +++.......             (no ring)
HPRegen  0.09/turn              (no ring)
MPRegen  0.10/turn              (no ring)
                                (no ring)
                                (no ring)

@: icy armour, very slightly contaminated, slow
A: almost no armour, stealthy swim, amphibious, 8 rings, constrict 8, camouflage
1, gelatinous body 1
a: Renounce Religion


You were on level 2 of the Dungeon.
You worshipped Makhleb.
Makhleb was noncommittal.
You were hungry.

You visited 1 branch of the dungeon, and saw 2 of its levels.

You collected 88 gold pieces.

Inventory:

Scrolls
 b - 3 scrolls of fog {unknown}
 c - 3 scrolls of identify {unknown}
 d - a scroll of remove curse {unknown}
 g - a scroll of magic mapping {unknown}
Potions
 e - a potion of mutation {unknown}
 f - a potion of heal wounds {unknown}
 i - a potion of might {unknown}
Books
 a - a book of Frost

   Spells                             Type                      Level
   a - Freeze                         Ice                          1
   b - Throw Frost                    Conjuration/Ice              2
   c - Ozocubu's Armour               Charms/Ice                   3
   d - Throw Icicle                   Conjuration/Ice              4
   e - Summon Ice Beast               Ice/Summoning                4
Comestibles
 h - 4 rations


   Skills:
 - Level 2.0 Dodging
 - Level 2.6 Stealth
 - Level 2.5 Unarmed Combat
 - Level 2.0 Spellcasting
   Level 1.0 Conjurations
 + Level 2.1 Charms
 - Level 3.0 Ice Magic


You had 3 spell levels left.
You knew the following spells:

 Your Spells              Type           Power        Failure   Level  Hunger
a - Freeze                Ice            ##..         5%          1    #......
b - Ozocubu's Armour      Chrm/Ice       ##......     19%         3    ###....


Dungeon Overview and Level Annotations

Branches:
Dungeon (2/15)

Altars:
Makhleb

Annotations:
D:2 Terence


Innate Abilities, Weirdness & Mutations

You cannot wear most types of armour.
You are very stealthy in the water. (Stealth+)
You are amphibious.
You can wear up to eight rings at the same time.
You can use your tentacles to constrict eight enemies at once.
Your skin changes colour to match your surroundings (Stealth+).
Your rubbery body absorbs attacks. (AC +1, EV +1)


Message History

You tentacle-slap Terence. You squeeze Terence.
Terence is heavily wounded.
You constrict Terence, but do no damage.
Terence barely misses you.
You barely miss Terence.
Terence is heavily wounded.
You constrict Terence. Terence hits you with a flail!
You tentacle-slap Terence but do no damage.
Terence is severely wounded.
You constrict Terence, but do no damage.
Terence hits you with a flail.
* * * LOW HITPOINT WARNING * * *
You tentacle-slap Terence but do no damage.
Terence is severely wounded.
You constrict Terence.
You tentacle-slap Terence but do no damage.
You squeeze Terence, but do no damage.
Terence is severely wounded.
You constrict Terence. Terence hits you with a flail!
You die...

#############
.............
###########.......#
..................#
#............@.#
####'######....@..#
.........###....###
.........# #....#
>........# ♣....♣
.........# ♣...♣♣
.........# ♣♣.♣♣
.........# .♣♣ ..
.. .....#####
#.##..


You could see Terence.

Vanquished Creatures
  An adder (D:2)
  2 worms (D:2)
  A dart slug (D:2)
  2 leopard geckos
  5 giant cockroaches
  5 goblins
  7 hobgoblins
  5 kobolds
  5 bats
  3 frilled lizards
  2 rats (D:2)
38 creatures vanquished.

Notes
Turn   | Place    | Note
-------+----------+-------------------------------------------
     0 | D:1      | inc the Octopode Ice Elementalist began the quest for the Orb.
     0 | D:1      | Reached XP level 1. HP: 11/11 MP: 3/3
   149 | D:1      | Reached skill level 1 in Unarmed Combat
   595 | D:1      | Reached XP level 2. HP: 7/17 MP: 5/5
  1386 | D:2      | Found a burning altar of Makhleb.
  1410 | D:2      | Became a worshipper of Makhleb the Destroyer
  1427 | D:2      | Reached XP level 3. HP: 17/21 MP: 6/6
  1432 | D:2      | Learned a level 3 spell: Ozocubu's Armour
  1504 | D:2      | HP: 1/21 [worm (6)]
  1864 | D:2      | Reached skill level 1 in Charms
  2011 | D:2      | HP: 1/21 [dart slug/slug dart (5)]
  2515 | D:2      | Reached XP level 4. HP: 23/27 MP: 7/7
  2674 | D:2      | Noticed Terence
  2692 | D:2      | Slain by Terence

Skill      XL: |  1  2  3 |
---------------+----------+-----
Unarmed Combat | 1 2 |  2.5
Charms         | 2 |  2.1
Dodging        | |  2.0
Stealth        | |  2.6
Spellcasting   | |  2.0
Conjurations   | |  1.0
Ice Magic      | |  3.0

Action                   |  1- 3 |  4- 6 || total
-------------------------+-------+-------++-------
Melee: Unarmed           |    99 |     8 ||   107
       Constrict         |    20 |     1 ||    21
       Tentacles         |    15 |     3 ||    18
 Cast: Freeze            |     9 |     1 ||    10
       Ozocubu's Armour  |     2 |     1 ||     3
 Stab: Sleeping          |    11 |     1 ||    12
  Eat: Chunk             |     2 |       ||     2
       Ration            |     1 |       ||     1
Armor: Skin              |     9 |     1 ||    10
Dodge: Dodged            |    48 |     2 ||    50
